[Event "*** Titled Tuesday Blitz"]
[Site "Chess.com"]
[Date "2021.02.02"]
[Round "11"]
[White "dianamirza"]
[Black "MuhittinBuker"]
[Result "1-0"]
[WhiteElo "1929"]
[BlackElo "2111"]
[TimeControl "180+1"]
[EndTime "12:04:18 PST"]
[Termination "dianamirza won by checkmate"]

1. b4 e5 2. Bb2 Bxb4 3. Bxe5 Nf6 4. Nf3 d5 5. e3 O-O 6. a3 Bd6 7. Bb2 c5 8. Be2 Nc6 9. O-O Re8 10. c4 Bg4 11. h3 Bh5 12. cxd5 Nxd5 13. Nc3 Bc7 14.
Qb3 Nb6 15. a4 Qd6 16. Nb5 Qd7 17. Nxc7 Qxc7 18. a5 Nd7 19. Ng5 Bg6 20. f4 h6 21.
f5 Bh7 22. Qxf7+ Kh8 23. Qxg7# 1-0

[Event "*** Titled Tuesday Blitz"]
[Site "Chess.com"]
[Date "2021.02.02"]
[Round "11"]
[White "AniJak"]
[Black "woodhy"]
[Result "1-0"]
[WhiteElo "2316"]
[BlackElo "2447"]
[TimeControl "180+1"]
[EndTime "12:04:21 PST"]
[Termination "AniJak won by resignation"]

1. e4 e6 2. d4 d5 3. Nd2 c5 4. exd5 exd5 5. Ngf3 Nc6 6. Bb5 Bd6 7. dxc5 Bxc5 8.
O-O Ne7 9. Nb3 Bd6 10. Bg5 O-O 11. Re1 Re8 12. Nbd4 Qb6 13. Bxe7 Rxe7 14. Rxe7 Bxe7 15.
c3 Bg4 16. Nxc6 bxc6 17. Bxc6 Qxc6 18. Ne5 Qe6 19. Nxg4 Qxg4 20. Qxg4 1-0

[Event "*** Titled Tuesday Blitz"]
[Site "Chess.com"]
[Date "2021.02.02"]
[Round "11"]
[White "PopMilan95"]
[Black "Srisshhhtea"]
[Result "1-0"]
[WhiteElo "2629"]
[BlackElo "2472"]
[TimeControl "180+1"]
[EndTime "12:04:23 PST"]
[Termination "PopMilan95 won by resignation"]

1. e4 c5 2. Nf3 d6 3. d4 cxd4 4. Qxd4 Nf6 5. Nc3 Nc6 6. Bb5 Bd7 7. Bxc6 Bxc6 8. Bg5 e6 9. O-O-O a6 10. Rhe1 Be7 11.
Kb1 Qc7 12. Qd2 O-O 13. Nd4 Bd7 14. f3 b5 15. g4 b4 16. Nce2 a5 17. Ng3 a4 18.
Nh5 b3 19. cxb3 axb3 20. Bxf6 bxa2+ 21. Ka1 gxf6 22. Qh6 1-0

[Event "*** Titled Tuesday Blitz"]
[Site "Chess.com"]
[Date "2021.02.02"]
[Round "11"]
[White "Aslanov_Umid"]
[Black "milenapn"]
[Result "0-1"]
[WhiteElo "2314"]
[BlackElo "2094"]
[TimeControl "180+1"]
[EndTime "12:04:33 PST"]
[Termination "milenapn won by resignation"]

1. e4 e5 2. Nf3 Nc6 3. Bc4 Bc5 4. c3 Nf6 5. d4 exd4 6. e5 d5 7. Bb5 Ne4 8. cxd4 Bb4+ 9. Bd2 Bxd2+ 10. Nbxd2 Nxd2 11. Qxd2 O-O 12. Bxc6 bxc6 13. O-O Ba6 14. Rfc1 Qd7 15.
Rc5 Rab8 16. b3 f6 17. Rac1 Rb6 18.
Qe3 Re8 19. Qf4 Re6 20. h3 Rb5 21. a4 Rxb3 22. exf6 Rxf6 23. Qh4 Rbxf3 24. gxf3 Rh6 25. Qxh6 gxh6 26. Rxc6 Bc4 27. Rc5 Qxh3 28. Rxc7 Qxf3 29. Rxa7 Qg4+ 30. Kh1 Qh4+ 31. Kg1 Qg5+ 0-1

[Event "*** Titled Tuesday Blitz"]
[Site "Chess.com"]
[Date "2021.02.02"]
[Round "11"]
[White "Gerodot71"]
[Black "Aikiigm"]
[Result "0-1"]
[WhiteElo "2464"]
[BlackElo "2577"]
[TimeControl "180+1"]
[EndTime "12:04:35 PST"]
[Termination "Aikiigm won by resignation"]

1. d4 d5 2. c4 c6 3. Nf3 Nf6 4. Qb3 Qb6 5. c5 Qc7 6. Nc3 g6 7. g3 Bg7 8. Bf4 Qd8 9. Bg2 O-O 10. O-O Nbd7 11. Qc2 Nh5 12. b4 Nxf4 13. gxf4 f6 14.
Rad1 Qc7 15. e3 e5 16. fxe5 fxe5 17. dxe5 Nxe5 18. Nxe5 Qxe5 19. Ne2 Bg4 20. Nd4 Bxd1 21. Rxd1 Rad8 22. Rd2 Qe7 23. Qa4 a6 24. Qc2 Rde8 25.
a4 Bxd4 26. Rxd4 Rf6 27. b5 axb5 28. axb5 Ref8 29. Rd2 Qe5 30. h3 Qa1+ 31. Kh2 Qe1 32. Kg3 Re8 33. Re2 Qb4 34. bxc6 bxc6 35. e4 dxe4 36.
Bxe4 Kg7 37. f3 Re5 38. Rd2 Qxc5 39. Qa2 Qg1+ 40. Rg2 Rg5+ 0-1

[Event "*** Titled Tuesday Blitz"]
[Site "Chess.com"]
[Date "2021.02.02"]
[Round "11"]
[White "Jadeit90"]
[Black "ViktoriyaTarasova"]
[Result "0-1"]
[WhiteElo "2409"]
[BlackElo "2310"]
[TimeControl "180+1"]
[EndTime "12:04:36 PST"]
[Termination "ViktoriyaTarasova won by resignation"]

1. g3 Nf6 2. Bg2 d5 3. c4 c6 4. cxd5 cxd5 5. Nf3 Nc6 6. O-O e6 7. d3 Bd6 8. Nc3 O-O 9. e4 a6 10. Bg5 d4 11. Ne2 e5 12. Nh4 h6 13. Bxf6 Qxf6 14. Rc1 Be6 15. a3 Qe7 16. Nf5 Qd7 17. Nxd6 Qxd6 18.
f4 f6 19. f5 Bf7 20. g4 Rfc8 21. h4 Na5 22. b4 Nb3 23. Rxc8+ Rxc8 24. g5 hxg5 25. hxg5 fxg5 26. Ng3 Qh6 27. Kf2 Qh4 28. Rh1 Qf4+ 29. Qf3 Rc2+ 30. Ne2 Qxf3+ 31. Bxf3 Be8 32.
Kg3 Nd2 33. Ng1 Rc3 34. Be2 Bb5 35. Kg4 Bxd3 36. Kxg5 Nxe4+ 37. Kg6 Rc6+ 0-1

[Event "*** Titled Tuesday Blitz"]
[Site "Chess.com"]
[Date "2021.02.02"]
[Round "11"]
[White "mishanick"]
[Black "EvgenyT"]
[Result "0-1"]
[WhiteElo "2905"]
[BlackElo "2987"]
[TimeControl "180+1"]
[EndTime "12:04:38 PST"]
[Termination "EvgenyT won by resignation"]

1. e4 c6 2. Nf3 d5 3. Nc3 Bg4 4.
h3 Bxf3 5. Qxf3 e6 6. Be2 Bc5 7. O-O Nd7 8. Qg3 Bd4 9. exd5 exd5 10. Re1 Ne7 11. Bg4 Nf6 12. Ne2 Ne4 13. Nxd4 Nxg3 14.
fxg3 O-O 15. c3 Re8 16. Rf1 Ng6 17. Bd1 Ne5 18. Bc2 c5 19. Nf5 d4 20. d3 dxc3 21. bxc3 Nxd3 22. Be3 c4 23. Bd4 f6 24. Rad1 Re2 25. Ne3 b5 26. Rf5 a6 27. Rdf1 Qe8 28.
R1f3 Ne1 0-1

[Event "*** Titled Tuesday Blitz"]
[Site "Chess.com"]
[Date "2021.02.02"]
[Round "11"]
[White "Gerryisplaying"]
[Black "Firstov"]
[Result "1-0"]
[WhiteElo "2340"]
[BlackElo "2448"]
[TimeControl "180+1"]
[EndTime "12:04:47 PST"]
[Termination "Gerryisplaying won by resignation"]

1. d4 b6 2. e4 Bb7 3. Nc3 e6 4. Nf3 Bb4 5. Bd3 Nf6 6. e5 Ne4 7. O-O Nxc3 8. bxc3 Bxc3 9. Bg5 f6 10. exf6 gxf6 11.
Ne5 fxg5 12. Qh5+ Ke7 13. Qxg5+ Ke8 14. Qh5+ Ke7 15. Qh4+ Ke8 16. Bg6+ hxg6 17. Qxh8+ Ke7 18. Qg7+ Kd6 19. Nf7+ Kd5 20. Qe5+ Kc4 21. Nxd8 Bd5 22. Qe2+ Kb4 23. Rab1+ Ka3 24. Qd3 1-0

[Event "*** Titled Tuesday Blitz"]
[Site "Chess.com"]
[Date "2021.02.02"]
[Round "11"]
[White "EugeneRougon"]
[Black "KruHor"]
[Result "0-1"]
[WhiteElo "2713"]
[BlackElo "2600"]
[TimeControl "180+1"]
[EndTime "12:04:51 PST"]
[Termination "KruHor won by resignation"]

1. e4 c5 2. Nf3 d6 3. d4 cxd4 4.
Nxd4 Nf6 5. Nc3 a6 6. Be3 Nc6 7. Qd2 Ng4 8. Nxc6 bxc6 9. Bg5 h6 10. Bh4 g5 11. Bg3 Bg7 12. h4 Rb8 13. O-O-O Qa5 14. a3 Be6 15. hxg5 Rxb2 16. Kxb2 O-O 17. e5 Nxe5 18. Rh4 Rb8+ 19. Rb4 Rxb4+ 20. axb4 Qxb4+ 21. Kc1 Qa3+ 22. Kb1 Nf3 23. gxf3 Bxc3 24. Qxc3 Ba2+ 25. Ka1 Qxc3+ 26. Kxa2 Qxc2+ 27. Ka3 Qxd1 28. Bh3 0-1

[Event "*** Titled Tuesday Blitz"]
[Site "Chess.com"]
[Date "2021.02.02"]
[Round "11"]
[White "Savagelittlemole"]
[Black "VladimirBugayev"]
[Result "0-1"]
[WhiteElo "2444"]
[BlackElo "2287"]
[TimeControl "180+1"]
[EndTime "12:04:57 PST"]
[Termination "VladimirBugayev won by resignation"]

1. e4 c6 2. d4 d5 3. e5 Bf5 4. Nf3 e6 5. Be2 c5 6. O-O Nc6 7. Be3 Qb6 8. Nc3 Qxb2 9. Nb5 c4 10. Nc7+ Kd7 11. Nxa8 Bxc2 12. Qc1 Ba3 13. Bd1 Bd3 14. Re1 Nge7 15. Ba4 Rxa8 16. Qd1 b5 17. Bc1 Qxa1 18.
Bxb5 Qxc1 19. Qa4 Qb2 20. Qa6 Rb8 21. Qxa7+ Kc8 22. Bxc6 Nxc6 23. Qxf7 Nd8 24. Ng5 Qb7 25. Qg8 Qe7 26. h4 c3 27. Nxh7 c2 28. Nf8 Rb1 0-1

[Event "*** Titled Tuesday Blitz"]
[Site "Chess.com"]
[Date "2021.02.02"]
[Round "11"]
[White "ChelsieMonica"]
[Black "YIYUKI"]
[Result "1-0"]
[WhiteElo "2364"]
[BlackElo "2233"]
[TimeControl "180+1"]
[EndTime "12:05:00 PST"]
[Termination "ChelsieMonica won by resignation"]

1. e4 c5 2. f4 g6 3. Nf3 Bg7 4. Nc3 d6 5. g3 Nc6 6. Bg2 e6 7. O-O Nge7 8. d3 O-O 9. Be3 Nd4 10. Bxd4 cxd4 11. Ne2 Qb6 12. Rb1 f5 13. Kh1 Bd7 14. c3 dxc3 15. bxc3 Qc7 16. e5 Nd5 17. Qd2 Bc6 18. Ned4 dxe5 19. Nxe6 Qd6 20. Nxf8 exf4 21. c4 Ne3 22. Nxh7 Kxh7 23. Rf2 fxg3 24. Qxe3 gxf2 25.
Qxf2 Re8 26. d4 Bxf3 27. Bxf3 Bxd4 28. Rxb7+ Bg7 29. Qh4+ Kg8 30. Bd5+ 1-0

[Event "*** Titled Tuesday Blitz"]
[Site "Chess.com"]
[Date "2021.02.02"]
[Round "11"]
[White "Rud_Makarian"]
[Black "Reader777"]
[Result "1-0"]
[WhiteElo "2919"]
[BlackElo "2812"]
[TimeControl "180+1"]
[EndTime "12:05:07 PST"]
[Termination "Rud_Makarian won by checkmate"]

1. d4 Nf6 2. c4 e6 3. Nf3 d5 4. Nc3 Bb4 5. Qa4+ Nc6 6. a3 Bxc3+ 7. bxc3 O-O 8. Bf4 Ne4 9. e3 g5 10. Bg3 h5 11. h4 g4 12. Ng5 Nxg3 13. fxg3 f6 14. Qc2 f5 15. cxd5 exd5 16. Bd3 Qd6 17. O-O Ne7 18. Kh2 c6 19. c4 Bd7 20. Rab1 Rab8 21. Rf2 Kg7 22. Rbf1 Qxa3 23. Bxf5 Nxf5 24.
Rxf5 Rxf5 25. Rxf5 Bxf5 26. Qxf5 Qe7 27. cxd5 cxd5 28. Qh7+ Kf6 29. Qxh5 Qxe3 30. Qf7# 1-0

[Event "*** Titled Tuesday Blitz"]
[Site "Chess.com"]
[Date "2021.02.02"]
[Round "11"]
[White "Deepweb2020"]
[Black "druskacik"]
[Result "1-0"]
[WhiteElo "2409"]
[BlackElo "2558"]
[TimeControl "180+1"]
[EndTime "12:05:09 PST"]
[Termination "Deepweb2020 won by resignation"]

1. Nf3 d5 2. d4 Nf6 3. Bf4 g6 4. e3 Bg7 5. c4 O-O 6. Be2 c5 7. dxc5 Ne4 8. Be5 dxc4 9. Qxd8 Rxd8 10. Bxg7 Kxg7 11. Bxc4 Nxc5 12. Nc3 Nc6 13. O-O Bg4 14. Rfd1 Rac8 15. Be2 Nb4 16. h3 Bxf3 17. Bxf3 b6 18. Nb5 a6 19. Nd4 Nbd3 20. Nc6 Rd7 21. b4 Nxb4 22.
Nxb4 1-0

[Event "*** Titled Tuesday Blitz"]
[Site "Chess.com"]
[Date "2021.02.02"]
[Round "11"]
[White "lamomiablanca"]
[Black "dopolian"]
[Result "0-1"]
[WhiteElo "2283"]
[BlackElo "2421"]
[TimeControl "180+1"]
[EndTime "12:05:10 PST"]
[Termination "dopolian won by resignation"]

1. d4 Nf6 2. Nc3 d5 3. e4 dxe4 4. f3 e5 5. dxe5 Qxd1+ 6. Kxd1 Nfd7 7. f4 f5 8. Nd5 Kd8 9. Bc4 Nb6 10. Nxb6 axb6 11.
Be3 Bc5 12. Bxc5 bxc5 13. c3 Ke7 14. Kc2 Be6 15. Bxe6 Kxe6 16. Ne2 Nc6 17. a3 Rhd8 18. Rad1 Ne7 19. c4 Nc6 20. Kc3 h6 21. h3 g5 22.
g3 Rxd1 23. Rxd1 b6 24. Rd5 Rg8 25. Kd2 Ne7 26. Nc3 gxf4 27. gxf4 Nxd5 28. cxd5+ Kd7 29.
Nb5 Rg3 30. e6+ Kd8 31. Na7 Rd3+ 32. Ke2 Rxd5 33. Nc6+ Ke8 34. a4 Rd6 0-1

[Event "*** Titled Tuesday Blitz"]
[Site "Chess.com"]
[Date "2021.02.02"]
[Round "11"]
[White "NaciSAN"]
[Black "HackingKid98"]
[Result "0-1"]
[WhiteElo "2318"]
[BlackElo "2465"]
[TimeControl "180+1"]
[EndTime "12:05:12 PST"]
[Termination "HackingKid98 won on time"]

1. e4 c6 2. d4 d5 3. Nc3 dxe4 4. Nxe4 Bf5 5. Ng3 Bg6 6. Nf3 Nd7 7. Bd3 e6 8. O-O Ngf6 9. Re1 Be7 10. c4 Qc7 11. b3 O-O 12. Bxg6 hxg6 13. Bb2 c5 14. dxc5 Nxc5 15. Qe2 Rfd8 16. Rad1 Rxd1 17. Rxd1 Rd8 18.
Be5 Qa5 19. Rxd8+ Qxd8 20. Qd2 Qd3 21. Qxd3 Nxd3 22. Bd4 a6 23. Nd2 Nc1 24. a4 Bb4 25. Bxf6 gxf6 26. Ngf1 f5 27. g3 e5 28. Kg2 e4 29. h4 Kg7 30. c5 Kf6 31. Nc4 Ke6 32. Nd6 b6 33. Nxf7 Kxf7 34. cxb6 Ke6 35. Ne3 Nxb3 36.
Nc4 Na5 37. b7 Nxb7 0-1

[Event "*** Titled Tuesday Blitz"]
[Site "Chess.com"]
[Date "2021.02.02"]
[Round "11"]
[White "CSB7"]
[Black "DanilNajdin"]
[Result "1-0"]
[WhiteElo "2587"]
[BlackElo "2465"]
[TimeControl "180+1"]
[EndTime "12:05:13 PST"]
[Termination "CSB7 won by resignation"]

1. e4 e5 2. f4 Bc5 3. Nf3 d6 4. Nc3 Nc6 5. Bc4 Nf6 6. d3 a6 7. f5 Nd4 8. Bg5 c6 9. a3 b5 10. Ba2 Bb7 11. Qd2 Nxf3+ 12. gxf3 d5 13. O-O-O Qd6 14.
f4 O-O-O 15. fxe5 Qxe5 16. d4 Bxd4 17. Qxd4 Qxd4 18. Rxd4 c5 19. Bxf6 cxd4 20. Bxd8 dxc3 21. Bb6 cxb2+ 22. Kxb2 dxe4 23. Bxf7 Rf8 24. Be6+ Kb8 25. Re1 g6 26. Bc5 Re8 27. f6 1-0

[Event "*** Titled Tuesday Blitz"]
[Site "Chess.com"]
[Date "2021.02.02"]
[Round "11"]
[White "HElissalt"]
[Black "WilliamSchill"]
[Result "1-0"]
[WhiteElo "2258"]
[BlackElo "1989"]
[TimeControl "180+1"]
[EndTime "12:05:13 PST"]
[Termination "HElissalt won by resignation"]

1. d4 Nf6 2. c4 g6 3. Nc3 Bg7 4.
e4 d6 5. Be2 O-O 6. Be3 c5 7.
dxc5 Qa5 8. Kf1 dxc5 9. e5 Nfd7 10. f4 Nc6 11. Nf3 a6 12. h4 b5 13. h5 bxc4 14.
hxg6 hxg6 15. Bxc4 Nb6 16. Be2 Bg4 17. Ng5 Bxe2+ 18.
Qxe2 Rfd8 19. Qg4 Nd5 20. Bd2 Nxc3 21. Bxc3 Qb5+ 22. Kf2 Nd4 23. Rae1 Qd3 24. e6 Nxe6 25. Nxe6 Bxc3 26. bxc3 1-0

[Event "*** Titled Tuesday Blitz"]
[Site "Chess.com"]
[Date "2021.02.02"]
[Round "11"]
[White "LenkaPtacnikova"]
[Black "ohajek96"]
[Result "1-0"]
[WhiteElo "2145"]
[BlackElo "2244"]
[TimeControl "180+1"]
[EndTime "12:05:20 PST"]
[Termination "LenkaPtacnikova won by resignation"]

1. c4 c6 2. e4 d5 3. exd5 cxd5 4.
cxd5 Nf6 5. Bb5+ Nbd7 6. Nc3 a6 7. Bc4 g6 8. a4 Bg7 9. Nf3 O-O 10. a5 Nc5 11.
O-O Bg4 12. h3 Bf5 13. d3 Qd7 14. Be3 Rac8 15. Re1 h5 16. Ne5 Qd6 17. Bf4 Ncd7 18. Nxg6 Qb4 19. Nxe7+ Kh8 20. Nxc8 Rxc8 21. Qd2 b5 22.
Ba2 Nb6 23. axb6 1-0

[Event "*** Titled Tuesday Blitz"]
[Site "Chess.com"]
[Date "2021.02.02"]
[Round "11"]
[White "MarcoRiehle"]
[Black "eljanov"]
[Result "0-1"]
[WhiteElo "2703"]
[BlackElo "2879"]
[TimeControl "180+1"]
[EndTime "12:05:21 PST"]
[Termination "eljanov won by resignation"]

1. e4 c6 2. c4 d5 3. cxd5 cxd5 4. exd5 Nf6 5. Nc3 Nxd5 6. Nf3 Nc6 7. Bb5 g6 8. Qa4 Nb6 9. Bxc6+ bxc6 10. Qxc6+ Bd7 11. Qe4 Bg7 12. O-O Rc8 13. Re1 Bc6 14. Qe2 O-O 15.
Qxe7 Bxf3 16. Qxd8 Rfxd8 17. gxf3 Nc4 18. Re2 Ne5 19. Kg2 Nd3 20. Re3 Bh6 21. Re7 a5 22. Ra7 Rc5 23. h4 Re8 24. Ne4 Rc6 25. h5 f5 26. Nc3 gxh5 27. Rxa5 Rg6+ 28. Kh3 Re1 29. Ra8+ Kf7 30. Ra7+ Ke8 31. Ra8+ Kd7 0-1

[Event "*** Titled Tuesday Blitz"]
[Site "Chess.com"]
[Date "2021.02.02"]
[Round "11"]
[White "Vanina1989"]
[Black "LucaBrasi1968"]
[Result "1-0"]
[WhiteElo "2692"]
[BlackElo "2519"]
[TimeControl "180+1"]
[EndTime "12:05:21 PST"]
[Termination "Vanina1989 won by resignation"]

1. d4 f5 2. c4 e6 3. Nf3 Nf6 4. g3 d5 5. Bg2 c6 6. O-O Bd6 7. b3 Qe7 8. Bb2 O-O 9. Qc2 b6 10. Nbd2 Bb7 11. Ne5 Nbd7 12. Ndf3 Rac8 13. Rad1 Rfd8 14.
Qb1 c5 15. Nxd7 Rxd7 16. Ne5 Rdd8 17. dxc5 Bxc5 18. cxd5 Bxd5 19. Bxd5 Rxd5 20. Rxd5 Nxd5 21. e4 fxe4 22. Qxe4 Rf8 23. Nd3 Bd6 24. Re1 Nc7 25.
Qg4 Qf7 26. Re2 Qe7 27. h4 Qf7 28. h5 h6 29. Rc2 Qd7 30. Qg6 Qf7 31. Rc6 Rd8 32.
Ne5 Qxg6 33. hxg6 Ne8 34. Nf7 Rd7 35. Rc8 1-0

[Event "*** Titled Tuesday Blitz"]
[Site "Chess.com"]
[Date "2021.02.02"]
[Round "11"]
[White "MoreChessJulia"]
[Black "GMJustin"]
[Result "0-1"]
[WhiteElo "2148"]
[BlackElo "2286"]
[TimeControl "180+1"]
[EndTime "12:05:21 PST"]
[Termination "GMJustin won by resignation"]

1. d4 Nf6 2. Nc3 d5 3. Bg5 Nbd7 4. f4 h6 5. Bh4 c5 6. e3 e6 7. Nf3 Be7 8. Bb5 a6 9. Bxd7+ Bxd7 10. O-O c4 11.
Ne5 b5 12. Bxf6 Bxf6 13. Qh5 O-O 14. a3 Be7 15. Rf3 b4 16. axb4 Bxb4 17. Rg3 Kh7 18.
Nxf7 Qf6 19. Ng5+ Kg8 20. Nf3 Bxc3 21. bxc3 a5 22. Ne5 Be8 23. Qe2 a4 24. Ra3 Qe7 25.
Ra2 a3 26. Ng6 Bxg6 27. Rxg6 Rfb8 28. Qd1 Rb2 29. Qa1 Rxa2 30. Qxa2 Qb7 31. Rxe6 Qb2 32.
Qxb2 axb2 33. Rb6 Ra1+ 34. Kf2 b1=Q 35. Rxb1 Rxb1 36. Ke2 Rc1 37. Kd2 Rg1 38. g3 Rg2+ 39. Kd1 Rxh2 40. g4 Kf7 41. g5 hxg5 42. fxg5 Kg6 0-1

[Event "*** Titled Tuesday Blitz"]
[Site "Chess.com"]
[Date "2021.02.02"]
[Round "11"]
[White "carlocapau"]
[Black "picturesquecheck"]
[Result "1-0"]
[WhiteElo "2323"]
[BlackElo "2211"]
[TimeControl "180+1"]
[EndTime "12:05:22 PST"]
[Termination "carlocapau won by resignation"]

1. d4 Nf6 2. c4 e6 3. Nc3 Bb4 4.
Qc2 O-O 5. Nf3 c5 6. dxc5 Bxc5 7. Bf4 Nc6 8. e3 d5 9. Rd1 Qa5 10. Nd2 e5 11. Bg5 d4 12. Nb3 Nb4 13. Qb1 Qc7 14.
Nb5 Qe7 15. a3 Na6 16. Bd3 h6 17. Bxf6 Qxf6 18. O-O dxe3 19. fxe3 Bxe3+ 20. Kh1 Qg5 21. Be4 Nc5 22. Nxc5 Bxc5 23. b4 Be7 24. Rd3 Be6 25. Rg3 Qh4 26. Bxb7 Rad8 27. Bd5 Bxd5 28. cxd5 Rxd5 29.
Nxa7 Rfd8 30. Nc6 R8d7 31. b5 Bxa3 32. Rxa3 e4 33. b6 Rb7 34. Ra7 1-0

[Event "*** Titled Tuesday Blitz"]
[Site "Chess.com"]
[Date "2021.02.02"]
[Round "11"]
[White "zmeeed67"]
[Black "LubovMarkelova"]
[Result "1-0"]
[WhiteElo "2372"]
[BlackElo "2233"]
[TimeControl "180+1"]
[EndTime "12:05:22 PST"]
[Termination "zmeeed67 won by resignation"]

1. d4 d5 2. c4 c6 3. Nc3 Nf6 4. e3 e6 5. Nf3 Nbd7 6. Bd3 dxc4 7. Bxc4 b5 8. Bd3 Bd6 9. O-O O-O 10. e4 e5 11. Ne2 c5 12. d5 c4 13. Bc2 Nc5 14.
Ng3 a5 15. h3 b4 16. Re1 a4 17. Bg5 a3 18. bxa3 Rxa3 19. Nh5 Nd3 20. Bxf6 gxf6 21. Qd2 Nf4 22. Nxf4 exf4 23. e5 fxe5 24. Nxe5 Bxe5 25. Rxe5 Qf6 26. Rae1 b3 27. axb3 cxb3 28.
Bb1 Ba6 29. Rf5 Qg7 30. Qxf4 b2 31. Rg5 1-0

[Event "*** Titled Tuesday Blitz"]
[Site "Chess.com"]
[Date "2021.02.02"]
[Round "11"]
[White "olksuna"]
[Black "enriquetejedor"]
[Result "1-0"]
[WhiteElo "2695"]
[BlackElo "2525"]
[TimeControl "180+1"]
[EndTime "12:05:24 PST"]
[Termination "olksuna won by resignation"]

1. e4 c5 2. Nf3 e6 3. d4 cxd4 4. Nxd4 Nf6 5. Nc3 Nc6 6. a3 d6 7. Be2 Be7 8. O-O O-O 9. Be3 Bd7 10. f4 Rc8 11. Kh1 a6 12. Qe1 Nxd4 13. Bxd4 Bc6 14.
Qg3 Kh8 15. Bd3 d5 16. Bxf6 Bxf6 17. e5 Be7 18. f5 g6 19. f6 Bc5 20. Qh4 Rg8 21. Rf3 h5 22. Qg5 Rg7 23. fxg7+ Kxg7 24.
Qf4 Qe7 25. Raf1 Rf8 26. Ne2 f5 27. exf6+ Rxf6 28. Qxf6+ Qxf6 29. Rxf6 e5 1-0

[Event "*** Titled Tuesday Blitz"]
[Site "Chess.com"]
[Date "2021.02.02"]
[Round "11"]
[White "Milchone1"]
[Black "Sharpchess22"]
[Result "1/2-1/2"]
[WhiteElo "2525"]
[BlackElo "2678"]
[TimeControl "180+1"]
[EndTime "12:05:24 PST"]
[Termination "Game drawn by repetition"]

1. Nf3 Nf6 2. c4 g6 3. Nc3 Bg7 4. e4 d6 5. d4 O-O 6. h3 e5 7.
dxe5 dxe5 8. Be3 Nbd7 9. Be2 Re8 10. O-O c6 11. a3 Nh5 12. c5 Nf4 13. Re1 Qf6 14. Qd6 Ne6 15. b4 Rd8 16. Rad1 Ndxc5 17. bxc5 Rxd6 18. cxd6 Bd7 19. Bc4 h6 20. a4 b6 21.
Re2 Nf4 22. Bxf4 Qxf4 23. Ne1 Rd8 24. Nd3 Qg5 25. Re3 Be8 26. Nb4 Bf8 27. Red3 Bd7 28. Rf3 Be6 29. Bxe6 fxe6 30. Nxc6 Rxd6 31. Rxf8+ Kxf8 32.
Rxd6 Qc1+ 33. Nd1 Qc5 34. Rd8+ Kf7 35. Nxa7 Qc4 36. Ne3 Qxa4 37. Nc8 b5 38. Ng4 Qa1+ 39.
Kh2 h5 40. Rd7+ Kf8 41. Rd8+ Kf7 42. Rd7+ Kf8 43. Rd8+ Kf7 1/2-1/2

[Event "*** Titled Tuesday Blitz"]
[Site "Chess.com"]
[Date "2021.02.02"]
[Round "11"]
[White "GiorgianBarbosa"]
[Black "remi04"]
[Result "0-1"]
[WhiteElo "2489"]
[BlackElo "2619"]
[TimeControl "180+1"]
[EndTime "12:05:24 PST"]
[Termination "remi04 won by resignation"]

1. d4 Nf6 2. Nf3 e6 3. c4 d5 4. Nc3 c6 5. Bg5 Nbd7 6. e3 Qa5 7. Nd2 Bb4 8. Qc2 O-O 9. Bxf6 Nxf6 10. Bd3 c5 11.
Nb3 Qc7 12. dxc5 dxc4 13. Bxc4 Bxc5 14. Nxc5 Qxc5 15. Be2 b6 16. O-O Bb7 17. Rac1 Rac8 18. Rfd1 Qg5 19. Bf1 h5 20. Qb3 h4 21. Qb5 Rc5 22. Qe2 Bxg2 23. Bxg2 h3 24. f4 Qg6 25. Na4 Rh5 26. Rc2 hxg2 27. Qxg2 Ng4 28. h3 Nxe3 29. Qxg6 fxg6 30. Rcd2 Nxd1 31. Rxd1 Rxf4 32. Nc3 Rxh3 0-1

[Event "*** Titled Tuesday Blitz"]
[Site "Chess.com"]
[Date "2021.02.02"]
[Round "11"]
[White "manmanlai1"]
[Black "tk22h"]
[Result "1-0"]
[WhiteElo "2460"]
[BlackElo "2349"]
[TimeControl "180+1"]
[EndTime "12:05:28 PST"]
[Termination "manmanlai1 won by checkmate"]

1. d4 Nf6 2. c4 g6 3. g3 d5 4.
cxd5 Nxd5 5. Nc3 Nb6 6. Bg2 Bg7 7. Nf3 Nc6 8. e3 O-O 9. O-O e5 10. d5 Ne7 11. e4 Bg4 12. h3 Bxf3 13. Qxf3 c6 14. Rd1 cxd5 15. exd5 Nf5 16. g4 Nd4 17. Qd3 f5 18. gxf5 gxf5 19. f4 e4 20. Qf1 Rc8 21. Qf2 Rc4 22. Be3 Qf6 23. Rd2 Rb4 24. Rad1 Nf3+ 25.
Bxf3 exf3 26. Bc5 Rxb2 27. Rxb2 Qxc3 28. Bd4 Bxd4 29. Qxd4 Qc7 30. Kh1 Kf7 31. Rg1 Rg8 32. Rxg8 Kxg8 33. Rb1 Qc2 34. Rg1+ Kf8 35. Qf6+ Ke8 36.
Rg8+ Kd7 37. Qd8# 1-0

[Event "*** Titled Tuesday Blitz"]
[Site "Chess.com"]
[Date "2021.02.02"]
[Round "11"]
[White "zeitnot2006"]
[Black "CalinGheorghiu"]
[Result "1-0"]
[WhiteElo "2521"]
[BlackElo "2270"]
[TimeControl "180+1"]
[EndTime "12:05:29 PST"]
[Termination "zeitnot2006 won by checkmate"]

1. e4 c5 2. Nf3 d6 3. d4 cxd4 4. Nxd4 Nf6 5. Nc3 a6 6. h4 e5 7. Nb3 Be6 8. f4 exf4 9. Bxf4 Nc6 10. Qd2 Be7 11. O-O-O Ne5 12. Nd5 Nxe4 13. Qd4 Bxd5 14. Qxd5 Nf2 15. Be2 Nxh1 16. Bxe5 dxe5 17. Qxe5 Qb8 18.
Qxg7 Qf4+ 19. Kb1 Bf6 20. Bb5+ axb5 21. Re1+ Kd8 22. Qxf7 Nf2 23. Nc5 Qd4 24. Ne6+ Kc8 25. Qc7# 1-0

[Event "*** Titled Tuesday Blitz"]
[Site "Chess.com"]
[Date "2021.02.02"]
[Round "11"]
[White "noblerone"]
[Black "sokidze"]
[Result "0-1"]
[WhiteElo "2413"]
[BlackElo "2526"]
[TimeControl "180+1"]
[EndTime "12:05:30 PST"]
[Termination "sokidze won by resignation"]

1. d4 Nf6 2. Nf3 e6 3. Bg5 h6 4.
Bh4 c5 5. e3 d5 6. c3 Bd6 7. Nbd2 O-O 8. Bd3 Nbd7 9. O-O b6 10.
a4 a6 11. Qe2 Bb7 12. e4 dxe4 13. Nxe4 Be7 14. Nxf6+ Bxf6 15. Bxf6 Qxf6 16. Be4 Bxe4 17. Qxe4 cxd4 18. Nxd4 Nc5 19. Qc6 Rab8 20. b4 Rfc8 21. Qf3 Qxf3 22. Nxf3 Ne4 23. b5 axb5 24. axb5 Nxc3 25.
g3 Nxb5 26. Rab1 Nc3 27. Rb3 b5 28. Kg2 b4 29. Rc1 Nd5 30. Rcb1 Ra8 31. Ne5 Ra2 32. Nd3 Rcc2 33. h4 Rd2 34. Re1 Ra3 35. Reb1 Rxd3 0-1

[Event "*** Titled Tuesday Blitz"]
[Site "Chess.com"]
[Date "2021.02.02"]
[Round "11"]
[White "Artyom_ChessMate"]
[Black "MrrRefrao"]
[Result "1-0"]
[WhiteElo "2559"]
[BlackElo "2386"]
[TimeControl "180+1"]
[EndTime "12:05:30 PST"]
[Termination "Artyom_ChessMate won by resignation"]

1. e4 c5 2. Nc3 d6 3. f4 Nf6 4.
Nf3 g6 5. Bc4 Nc6 6. O-O Bg4 7.
e5 d5 8. Bb5 Nh5 9. h3 Bxf3 10.
Qxf3 e6 11. f5 Qc7 12. fxe6 fxe6 13. g4 Ng7 14. Qf6 c4 15. d4 cxd3 16. Be3 d2 17. Ne2 Bb4 18. Bh6 Qb6+ 19. Kh1 Qxb5 20. Nc3 Qc5 21.
Bxg7 Rf8 22. Qxe6+ Kd8 1-0

[Event "*** Titled Tuesday Blitz"]
[Site "Chess.com"]
[Date "2021.02.02"]
[Round "11"]
[White "KarateBaby"]
[Black "Chesswizard_2007"]
[Result "0-1"]
[WhiteElo "2208"]
[BlackElo "2685"]
[TimeControl "180+1"]
[EndTime "12:05:33 PST"]
[Termination "Chesswizard_2007 won by checkmate"]

1. b3 f5 2. Bb2 Nf6 3. Bxf6 exf6 4. c4 Be7 5. Nc3 O-O 6. Rc1 Re8 7. g3 c6 8. Bg2 Ba3 9. Rb1 a5 10. e3 Na6 11.
Nge2 Nc5 12. d4 Ne4 13. O-O Bb4 14. Qd3 d5 15. cxd5 cxd5 16. a3 Bxc3 17. Nxc3 Be6 18. Rfc1 Qd7 19. a4 Rec8 20. Nb5 b6 21. h4 g6 22. Nc3 Rc6 23. Nb5 Rac8 24. Rxc6 Rxc6 25. Qf1 Nd2 26. Qd3 Nxb1 27. Qxb1 Qc8 28. Kh2 Rc1 29.
Qd3 Qc2 30. Bf1 Qxf2+ 31. Bg2 Qg1+ 32. Kh3 f4+ 33. g4 Qxe3+ 34. Qxe3 fxe3 35. Bf3 h5 36.
Kg3 Rf1 37. Be2 Rf2 38. Bd3 f5 39. g5 f4# 0-1